 Dungeon Crawl Stone Soup version 0.17.0-28-g6e173f8 (webtiles) character file.

11131 PossumBlood the Blocker (level 11, 0/97 HPs)
             Began as a Minotaur Fighter on Dec 2, 2015.
             Was a High Priest of Okawaru.
             Slain by a troll (7 damage)
             ... on level 4 of the Orcish Mines.
             The game lasted 00:41:29 (12228 turns).

PossumBlood the Blocker (Minotaur Fighter)         Turns: 12228, Time: 00:41:29

Health: 0/97       AC: 17    Str: 29    XL:     11   Next: 45%
Magic:  10/10      EV: 10    Int:  5    God:    Okawaru [*****.]
Gold:   1190       SH:  0    Dex: 10    Spells: 0 memorised, 10 levels left

rFire  . . .     SeeInvis .     a - +3 war axe
rCold  . . .     Clarity  .     K - +0 plate armour
rNeg   . . .     SustAt   .     H - +4 large shield
rPois  +         Gourm    .     (helmet restricted)
rElec  .         Spirit   .     (no cloak)
rCorr  .         Warding  .     j - +2 pair of gloves
rMut   .         Stasis   .     (no boots)
MR     .....                    (no amulet)
Stlth  ..........               S - +3 ring of evasion
                                t - ring of poison resistance

@: confused, mighty, not resistant to hostile enchantments, extremely unstealthy
A: retaliatory headbutt, horns 2
a: Heroism, Finesse, Renounce Religion


You were on level 4 of the Orcish Mines.
You worshipped Okawaru.
Okawaru was extremely pleased with you.
You were not hungry.

You visited 3 branches of the dungeon, and saw 15 of its levels.
You also visited: Sewer.

You collected 1297 gold pieces.
You spent 107 gold pieces at shops.

Inventory:

Hand Weapons
 a - a +3 war axe (weapon)
 o - a +0 battleaxe
 v - a +2 whip of electrocution
 w - a +0 falchion of protection
 B - a +0 whip of flaming
 J - a +0 broad axe
 N - a +2 flail of pain
 V - a cursed -1 dire flail
Missiles
 I - 15 tomahawks (quivered)
Armour
 j - a +2 pair of gloves (worn)
 H - a +4 large shield (worn)
 K - a +0 plate armour (worn)
Jewellery
 t - a ring of poison resistance (left hand)
 S - a +3 ring of evasion (right hand)
Wands
 m - a wand of magic darts (31)
 y - a wand of lightning (4)
 C - a wand of hasting (5)
 U - a wand of magic darts (9)
 W - a wand of frost (5)
Scrolls
 b - 3 scrolls of noise {unknown}
 k - 9 scrolls of identify
 l - 5 scrolls of teleportation
 r - 3 scrolls of remove curse
 E - 5 scrolls of fear
 L - 2 scrolls of blinking
 O - 2 scrolls of enchant armour
 Q - a scroll of amnesia {unknown}
 R - a scroll of magic mapping {unknown}
 X - a scroll of enchant weapon
Potions
 c - 3 potions of poison {unknown}
 f - a potion of agility
 i - a potion of magic {unknown}
 n - a potion of berserk rage {unknown}
 p - 4 potions of heal wounds
 q - a potion of flight
 s - a potion of brilliance {unknown}
 u - 5 potions of curing {unknown}
 z - a potion of haste {unknown}
 A - a potion of degeneration {unknown}
 D - a potion of cure mutation
 F - a potion of cancellation {unknown}
 G - a potion of resistance {unknown}
 P - a potion of mutation {unknown}
Miscellaneous
 Z - a fan of gales
Comestibles
 e - 2 bread rations
 g - 3 slices of pizza
 h - 3 meat rations


   Skills:
 + Level 9.4 Fighting
 + Level 11.1 Axes
 - Level 0.4 Throwing
 + Level 9.5 Armour
 + Level 6.1 Dodging
 + Level 12.7 Shields
 - Level 1.0 Invocations


You had 10 spell levels left.
You didn't know any spells.

Dungeon Overview and Level Annotations

Branches:
Dungeon (10/15)            Temple (1/1) D:4             Orc (4/4) D:9
    Elf (0/3) Orc:3
   Lair: D:8-11

Altars:
Ashenzari
Cheibriados
Dithmenos
Elyvilon
Fedhas
Gozag
Kikubaaqudgha
Makhleb
Nemelex Xobeh
Okawaru
Qazlal
Ru
Sif Muna
Trog
Vehumet
Xom
Yredelemnul
Zin
The Shining One

Shops:
D:4 }   D:5 *   Orc:4 *


Innate Abilities, Weirdness & Mutations

You reflexively headbutt those who attack you in melee.
You have a pair of horns on your head.


Message History

The two-headed ogre is almost dead.
The two-headed ogre hits you with a giant club!
* * * LOW HITPOINT WARNING * * *
The two-headed ogre hits you with a giant club.
* * * LOW HITPOINT WARNING * * *
The troll bites you!
* * * LOW HITPOINT WARNING * * *
The troll claws you but does no damage. The troll barely misses you.
The troll barely misses you. The troll misses you. The troll barely misses you.
You're too confused!
You miss the troll. x2
You barely miss the ogre mage.
The ogre mage is severely wounded.
You slash the two-headed ogre!
You kill the two-headed ogre!
Okawaru accepts your kill. The troll bites you but does no damage.
The troll claws you!
* * * LOW HITPOINT WARNING * * *
The troll claws you!
You die...

.........# ............#
..)......###.........C...####
.))........##......#O....#..#
..##..............##.T.C..###
..####...........# ##......###
..# #...........# ###.)....####
### ###.........# #..))..#.##.
.######.........## #CO)....#...
..<#.#.........T@#####OO....####.
...##........).TOT.##C.....## ##
.........####...TOC#†.....##
..........##.......OO..#...#
.........####.............##
#.........# ###..<.....#.##
......##.## #.#.......##
......#### ####..#....# #.....#
#..#...##


You could see a hill giant, an ogre mage, 4 trolls, a two-headed ogre and 2
ogres.

Vanquished Creatures
  2 unseen horrors
  2 hill giants (D:10)
  A deep troll (Orc:4)
  An orc knight (Orc:3)
  A manticore (D:9)
  4 trolls
  A two-headed ogre (Orc:4)
  Eustachio (D:4)
  Grum (D:10)
  A steam dragon (D:8)
  3 wolves (D:10)
  A hungry ghost (D:9)
  A warg (Orc:4)
  2 hippogriffs (D:7)
  2 water moccasins
  4 ice beasts
  A wasp (D:9)
  A phantom (D:8)
  7 ogres
  A necrophage (D:7)
  9 orc warriors
  2 centaurs
  Blork the orc (D:4)
  2 giant frogs
  2 big kobolds
  A gnoll sergeant (D:10)
  A wyvern skeleton (D:10)
  5 scorpions
  12 killer bees
  5 crimson imps
  A giant frog zombie (D:9)
  4 hounds
  A centaur zombie (D:5)
  14 orc priests
  10 orc wizards
  4 giant frog skeletons
  2 iguanas
  6 worker ants
  A hound zombie (D:6)
  2 worker ant zombies
  A hound skeleton (D:7)
  15 gnolls
  15 adders
  A river rat (Sewer)
  3 shadow imps
  An adder skeleton (D:7)
  An ooze (D:1)
  3 adder zombies
  3 worms
  7 giant geckos
  117 orcs
  7 giant cockroaches
  10 goblins
  17 hobgoblins
  20 jackals
  14 kobolds
  A quokka (D:2)
  2 ball pythons
  9 bats
  3 giant newts
  A quokka skeleton (D:5)
  11 rats
385 creatures vanquished.

Vanquished Creatures (others)
  A wizard (D:3)
1 creature vanquished.

Grand Total: 386 creatures vanquished

Notes
Turn   | Place    | Note
--------------------------------------------------------------
     0 | D:1      | PossumBlood the Minotaur Fighter began the quest for the Orb.
     0 | D:1      | Reached XP level 1. HP: 19/19 MP: 0/0
    59 | D:1      | Reached XP level 2. HP: 14/27 MP: 1/1
    65 | D:1      | Reached skill level 4 in Fighting
   562 | D:2      | Reached XP level 3. HP: 29/33 MP: 2/2
  1163 | D:2      | Reached XP level 4. HP: 41/41 MP: 3/3
  1168 | D:2      | Reached skill level 1 in Dodging
  1172 | D:2      | Found a glowing golden altar of the Shining One.
  1285 | D:2      | Found a sparkling altar of Nemelex Xobeh.
  1478 | D:3      | Reached XP level 5. HP: 11/47 MP: 4/4
  1936 | D:3      | Found a bloodstained altar of Trog.
  1938 | D:3      | Noticed a wizard
  1943 | D:3      | Killed a wizard
  2028 | D:3      | Found a bloodstained altar of Trog.
  2126 | D:3      | Reached skill level 5 in Armour
  2382 | D:4      | Reached skill level 5 in Shields
  2497 | D:4      | Found a glowing drain.
  2505 | Sewer    | Entered a sewer
  2511 | Sewer    | Reached XP level 6. HP: 53/53 MP: 5/5
  2593 | Sewer    | Found a white marble altar of Elyvilon.
  2699 | D:4      | Noticed an ogre
  2706 | D:4      | Killed an ogre
  2706 | D:4      | Reached skill level 5 in Fighting
  2759 | D:4      | Found a staircase to the Ecumenical Temple.
  2826 | Temple   | Entered the Ecumenical Temple
  2921 | D:4      | Noticed Blork the orc
  2938 | D:4      | Killed Blork the orc
  2938 | D:4      | Reached XP level 7. HP: 25/61 MP: 6/6
  3160 | D:4      | Noticed Eustachio
  3187 | D:4      | Killed Eustachio
  3187 | D:4      | Reached skill level 5 in Axes
  3187 | D:4      | Reached skill level 6 in Shields
  3248 | D:4      | Found Riyczumiqi's Gadget Boutique.
  3307 | D:4      | Found a shimmering altar of Xom.
  3684 | D:4      | Reached XP level 8. HP: 50/70 MP: 7/7
  3835 | D:5      | Entered Level 5 of the Dungeon
  3995 | D:5      | Found Coun's General Store.
  4009 | D:5      | Bought a scroll of identify for 30 gold pieces
  4009 | D:5      | Bought a +0 robe for 10 gold pieces
  4030 | D:5      | Bought a +0 large shield for 67 gold pieces
  4048 | D:5      | Found an opulent altar of Gozag.
  4049 | D:5      | Found a glowing silver altar of Zin.
  4180 | D:5      | Reached skill level 7 in Shields
  4495 | D:5      | Found an iron altar of Okawaru.
  4507 | D:5      | Became a worshipper of Warmaster Okawaru
  4770 | D:6      | Found a blossoming altar of Fedhas.
  4896 | D:6      | Reached skill level 5 in Dodging
  5387 | D:6      | Reached XP level 9. HP: 78/78 MP: 8/8
  5443 | D:6      | Found a stormy altar of Qazlal.
  5749 | D:7      | Reached skill level 8 in Shields
  5756 | D:7      | Reached * piety under Okawaru
  6143 | D:7      | Found a deep blue altar of Sif Muna.
  6463 | D:8      | Reached skill level 9 in Shields
  6513 | D:8      | Reached ** piety under Okawaru
  6716 | D:8      | Found a white marble altar of Elyvilon.
  7115 | D:9      | Noticed a manticore
  7127 | D:9      | Killed a manticore
  7127 | D:9      | Reached skill level 10 in Shields
  7127 | D:9      | Reached XP level 10. HP: 40/88 MP: 9/9
  7531 | D:9      | Killed an unseen horror
  7531 | D:9      | Reached *** piety under Okawaru
  7803 | D:9      | Found a snail-covered altar of Cheibriados.
  7812 | D:9      | Found an ancient bone altar of Kikubaaqudgha.
  7815 | D:9      | Found a sparkling altar of Nemelex Xobeh.
  7992 | D:9      | Found a staircase to the Orcish Mines.
  8455 | D:10     | Entered Level 10 of the Dungeon
  8519 | D:10     | Found Gubip's Weapon Shoppe.
  8535 | D:10     | Noticed Grum
  8551 | D:10     | Killed Grum
  8587 | D:10     | Noticed a hill giant
  8596 | D:10     | Killed a hill giant
  8596 | D:10     | Reached **** piety under Okawaru
  8596 | D:10     | Reached skill level 11 in Shields
  8744 | D:10     | Noticed a hill giant
  8756 | D:10     | Killed a hill giant
  8756 | D:10     | Reached skill level 10 in Axes
  9070 | D:10     | Killed an unseen horror
  9109 | D:10     | Reached skill level 1 in Invocations
  9895 | Orc:1    | Entered Level 1 of the Orcish Mines
 10530 | D:3      | Reached XP level 11. HP: 95/97 MP: 10/10
 10810 | Orc:3    | Found a staircase to the Elven Halls.
 11262 | Orc:3    | Reached skill level 12 in Shields
 11450 | Orc:3    | Found a bloodstained altar of Trog.
 11590 | Orc:4    | Entered Level 4 of the Orcish Mines
 12179 | Orc:4    | Found Eplethay's General Store.
 12180 | Orc:4    | Noticed an ogre mage
 12180 | Orc:4    | Noticed a deep troll
 12181 | Orc:4    | Noticed a hill giant
 12183 | Orc:4    | Noticed an ogre mage
 12183 | Orc:4    | Noticed a hill giant
 12210 | Orc:4    | Killed a deep troll
 12210 | Orc:4    | Reached ***** piety under Okawaru
 12228 | Orc:4    | Slain by a troll

Action                   |  1- 3 |  4- 6 |  7- 9 | 10-12 || total
-------------------------+-------+-------+-------+-------++-------
Melee: War axe           |    72 |   148 |   373 |   408 ||  1001
Throw: Tomahawk          |       |       |     1 |       ||     1
Invok: Heroism           |       |       |       |     5 ||     5
  Use: Potion            |       |     2 |     2 |     3 ||     7
       Scroll            |       |     9 |     8 |     4 ||    21
  Eat: Bread ration      |     1 |       |     2 |     3 ||     6
       Fruit             |       |     3 |       |     2 ||     5
       Beef jerky        |       |     1 |     2 |     2 ||     5
